Map: [ESL] Data-C

Players

Rex

  • Race: Zerg Zerg
  • League: Diamond
  • Spawn Location: 3:00

HeroMarine - Winner!

  • Race: Terran Terran
  • League: Master
  • Spawn Location: 9:00

Event: HomeStory Cup XXII

VOD

Have the link to the VOD?

Description

Time

  • Played on: Dec. 16, 2022, 8:25 a.m.
  • Length: 10:41

All games in this series

Show
View Real Time Build Order
Export as new Build Order

Rex Zerg 

Build Orders: Hatch First 

Get SALT Encoding   

  12  0:00  Drone  
  13  0:12  Overlord  
  13  0:16  Drone  
  14  0:30  Drone x2  
  16  0:48  Hatchery  
  15  0:51  Drone  
  15  0:54  Drone  
  17  0:58  Drone  
  18  1:08  Extractor  
  17  1:14  Spawning Pool  
  17  1:16  Drone  
  17  1:20  Drone  
  18  1:28  Drone  
  19  1:38  Drone  
  20  1:49  Drone  
  21  2:00  Queen x2  
  25  2:01  Zergling x4  
  27  2:11  Overlord  
  27  2:12  Drone  
  28  2:22  Hatchery  
  27  2:25  Drone  
  27  2:29  Drone  
  29  2:32  Drone  
  29  2:34  Drone  
  31  2:40  Queen  
  33  2:44  Metabolic Boost  
  33  2:49  Overlord  
  33  2:51  Drone  
  33  2:56  Drone  
  33  2:57  Drone  
  36  3:03  Overlord  
  36  3:09  Queen  
  36  3:12  Drone x2  
  40  3:13  Drone  
  40  3:19  Queen  
  43  3:24  Drone x2  
  43  3:26  Drone  
  46  3:29  Drone  
  47  3:34  Drone  
  47  3:37  Queen, Drone  
  47  3:40  Drone  
  52  3:43  Drone x2  
  52  3:47  Queen  
  56  3:51  Overlord  
  56  3:52  Drone  
  57  4:02  Overlord  
  57  4:05  Overlord  
  57  4:07  Overlord  
  57  4:08  Queen  
  59  4:10  Overlord  
  59  4:17  Zergling x2  
  59  4:18  Zergling x6  
  59  4:19  Drone x3  
  59  4:24  Drone x3  
  69  4:28  Lair  
  69  4:31  Drone x2, Extractor  
  69  4:32  Drone  
  69  4:34  Drone  
  71  4:44  Baneling Nest, Drone x6  
  77  4:45  Drone  
  77  4:50  Drone x3  
  80  4:54  Drone  
  80  4:57  Drone x2  
  80  4:59  Overlord  
  83  5:00  Drone x2  
  83  5:02  Extractor x2  
  83  5:03  Queen  
  85  5:14  Spore Crawler, Hatchery  
  83  5:16  Zergling x8  
  87  5:21  Zergling x2  
  87  5:22  Zergling x8  
  87  5:27  Centrifugal Hooks  
  92  5:29  Evolution Chamber  
  92  5:30  Zergling x2, Evolution Chamber  
  92  5:31  Zergling x2  
  92  5:37  Baneling x4  
  92  5:38  Zergling x8  
  95  5:44  Drone x4  
  99  5:51  Drone, Extractor  
  99  5:52  Extractor  
  99  5:53  Drone, Spire  
  99  5:55  Zergling x8  
  104  5:59  Drone  
  104  6:01  Overlord x3  
  100  6:27  Drone x12  
  111  6:35  Overlord x2  
  111  6:39  Evolution Chamber x2  
  107  6:43  Zergling x12  
  107  6:45  Drone x3  
  116  6:48  Spore Crawler  
  116  6:51  Spore Crawler  
  113  6:57  Zergling x8  
  117  7:05  Zerg Flyer Weapons Level 1, Mutalisk x3  
  117  7:06  Mutalisk x5  
  133  7:14  Zerg Ground Armor Level 1  
  133  7:15  Zergling x2  
  133  7:16  Zergling x8  
  133  7:18  Zerg Melee Weapons Level 1  
  135  7:24  Zergling x16  
  135  7:29  Overlord  
  143  7:30  Extractor  
  142  7:38  Overlord x7  
  142  7:42  Overlord  
  142  7:45  Overlord  
  138  7:52  Drone  
  138  7:53  Drone x7  
  138  7:56  Mutalisk x2  
  138  7:57  Overlord  
  147  7:59  Overseer, Baneling x3  
  147  8:00  Overlord  
  147  8:06  Overseer  
  147  8:11  Drone  
  142  8:16  Spore Crawler  
  142  8:17  Drone x3  
  144  8:23  Drone x6  
  144  8:24  Drone x2  
  150  8:31  Zergling x16  
  153  8:39  Mutalisk x4  
  147  8:43  Zergling x2  
  140  8:49  Mutalisk x4  
  140  8:52  Zergling x4  
  150  9:01  Baneling x4  
  150  9:03  Zergling x4  
  138  9:10  Zergling x4  
  138  9:16  Baneling x4  
  136  9:17  Hatchery  
  136  9:19  Zergling x22  
  141  9:26  Zergling x2  
  141  9:28  Zergling x6  
  141  9:32  Zergling x2, Drone  
  141  9:33  Zergling x2, Drone  
  141  9:35  Baneling  
  140  9:45  Mutalisk x5  
  122  9:48  Mutalisk  
  123  9:52  Mutalisk  
  123  9:53  Mutalisk  
  123  9:55  Zergling x2, Drone  
  123  9:56  Zergling x2  
  123  9:58  Zergling x2  
  130  10:04  Zergling x4, Drone  
  126  10:09  Baneling  
  126  10:14  Zergling x2, Extractor  
  126  10:15  Zergling x4  
  126  10:21  Zergling x10, Hatchery  
  128  10:23  Zergling x2, Drone  
Show
View Real Time Build Order
Export as new Build Order

HeroMarine Terran - Winner!

Build Orders: Reaper Expand 

Get SALT Encoding   

  12  0:00  SCV  
  13  0:12  SCV  
  14  0:17  Supply Depot  
  14  0:24  SCV  
  15  0:39  SCV  
  15  0:41  Barracks  
  16  0:44  Refinery  
  16  0:51  SCV  
  17  1:03  SCV  
  18  1:15  SCV  
  19  1:27  Reaper, Orbital Command  
  20  1:40  Command Center  
  20  1:47  Supply Depot  
  20  1:53  SCV  
  21  1:59  Marine  
  22  2:05  SCV  
  23  2:11  Factory  
  23  2:17  SCV  
  23  2:21  Barracks Reactor  
  24  2:29  SCV  
  25  2:41  SCV  
  26  2:44  Command Center  
  26  2:54  SCV, Orbital Command  
  27  3:03  Barracks Tech Lab  
  27  3:05  Hellion  
  29  3:06  Hellion  
  29  3:07  SCV  
  32  3:18  Barracks  
  32  3:19  SCV x2  
  34  3:24  Stimpack  
  34  3:25  Marine  
  35  3:31  SCV x2  
  35  3:33  Hellion  
  39  3:38  Hellion  
  41  3:43  SCV x2  
  41  3:44  Refinery, Marine  
  44  3:50  Refinery  
  44  3:55  SCV  
  45  3:56  SCV, Orbital Command  
  45  4:02  Marine  
  47  4:06  Starport  
  47  4:07  SCV, Factory Reactor  
  47  4:08  SCV  
  49  4:12  Marine  
  49  4:13  Marine  
  51  4:19  SCV  
  51  4:20  SCV, Marine  
  54  4:26  SCV  
  54  4:29  Supply Depot  
  54  4:31  SCV, Marine x2  
  57  4:32  SCV  
  57  4:38  SCV, Marine  
  61  4:49  Refinery  
  61  4:50  Marine x2  
  61  4:51  Supply Depot, SCV x3  
  61  4:52  Supply Depot  
  66  4:55  Medivac, Marine  
  66  4:56  Factory Reactor  
  66  4:58  Factory  
  69  5:06  Armory  
  69  5:13  SCV x2, Medivac, Orbital Command, Marine x2  
  75  5:18  Supply Depot  
  75  5:19  Supply Depot  
  75  5:21  Combat Shield, Marine  
  76  5:25  SCV x2  
  78  5:31  Marine x2  
  78  5:32  Engineering Bay  
  78  5:33  Engineering Bay  
  80  5:37  SCV x2  
  80  5:39  Marine  
  80  5:42  Factory Tech Lab  
  83  5:44  Widow Mine x2  
  83  5:48  SCV, Marine x2  
  83  5:49  SCV x2  
  92  5:56  Marine  
  93  6:00  Supply Depot, Terran Infantry Armor Level 1, Terran Infantry Weapons Level 1  
  93  6:01  SCV x2  
  96  6:06  Marine x2  
  96  6:07  Widow Mine  
  96  6:08  Widow Mine  
  96  6:09  Drilling Claws  
  101  6:19  SCV  
  101  6:21  Medivac x2  
  101  6:22  SCV x2, Widow Mine  
  101  6:24  Marine x2  
  109  6:29  Barracks  
  109  6:30  Barracks  
  109  6:31  Barracks  
  109  6:35  Supply Depot  
  109  6:36  Supply Depot  
  109  6:38  SCV x3  
  109  6:47  Marine  
  109  6:48  Widow Mine x3  
  109  6:49  Marine  
  117  6:57  SCV x2, Marine  
  117  7:00  Medivac  
  117  7:01  Supply Depot x2, Medivac  
  124  7:03  Supply Depot, SCV  
  125  7:09  SCV x2, Widow Mine x2  
  125  7:10  Marine x2  
  133  7:18  Refinery  
  133  7:19  Refinery  
  133  7:23  SCV x3, Widow Mine  
  141  7:30  Widow Mine  
  141  7:32  Barracks Reactor x3  
  141  7:35  SCV x2, Widow Mine, Command Center  
  143  7:38  Marine x2  
  143  7:42  SCV  
  143  7:43  Sensor Tower  
  143  7:44  Supply Depot, Widow Mine  
  146  7:47  SCV x2  
  146  7:51  Marine  
  147  7:54  SCV  
  147  7:56  Widow Mine, Marine  
  147  7:57  Widow Mine  
  149  7:58  Medivac x2  
  149  7:59  SCV x2, Missile Turret  
  149  8:01  Marine  
  149  8:05  Terran Infantry Weapons Level 2  
  156  8:08  Terran Infantry Armor Level 2, Marine  
  156  8:09  Marine  
  158  8:16  Marine x4  
  158  8:17  Marine x2  
  158  8:19  Marine  
  163  8:21  Widow Mine  
  163  8:23  Widow Mine  
  163  8:26  Supply Depot  
  165  8:29  Missile Turret  
  165  8:36  SCV, Marine  
  165  8:43  Widow Mine, Marine x5  
  165  8:44  Marine  
  165  8:46  Marine x2  
  165  8:47  Medivac x2, Widow Mine x2  
  179  8:53  Marine  
  176  8:59  Barracks  
  176  9:00  Barracks, Marine  
  176  9:01  Barracks  
  176  9:02  Missile Turret  
  177  9:03  Marine x2  
  177  9:04  Marine x2  
  167  9:11  Widow Mine x2  
  167  9:12  Thor  
  163  9:25  Marine x2  
  163  9:28  Marine x2  
  163  9:29  Medivac  
  163  9:30  Medivac  
  166  9:32  Widow Mine x2  
  157  9:40  Marine, Marauder, Planetary Fortress  
  157  9:41  Marine  
  157  9:44  SCV x2  
  157  9:45  SCV  
  152  9:48  Marine x2  
  152  9:49  Barracks Tech Lab x3, Marine x3  
  152  9:51  Marine  
  149  9:54  Widow Mine x2  
  149  9:56  SCV  
  149  9:58  Marine x2  
  149  9:59  Medivac  
  153  10:00  Medivac  
  153  10:05  Marine  
  153  10:06  Marine x2  
  153  10:07  Marine  
  164  10:15  Missile Turret, Marauder  
  164  10:16  Marauder x2  
  164  10:20  Marine  
Tags
 
Add a new tag
Caveats
  • Supply blocks, unpowered buildings, or Contaminate may cause inaccurate times.
  • Supply counts are checked every 10 seconds.